 Dungeon Crawl Stone Soup version 0.31-a0-1529-g7bd419a0e5 (webtiles) character file.

Game seed: 1795322509524541988

17197 Dordric the Brawler (level 12, -2/104 HPs)
             Began as a Troll Berserker on Dec 31, 2023.
             Was a Priest of Trog.
             Slain by a komodo dragon (26 damage)
             ... on level 12 of the Dungeon.
             The game lasted 00:12:41 (10938 turns).

Dordric the Brawler (Troll Berserker)              Turns: 10938, Time: 00:12:42

Health: -2/104     AC:  9    Str: 32    XL:     12   Next: 16%
Magic:  11/11      EV: 10    Int:  3    God:    Trog [***...]
Gold:   592        SH:  0    Dex: 15    Spells: 11/11 levels left

rFire   . .          .
                       - Unarmed
rCold   . . .        (no shield)
rNeg    . . .        B - +0 acid dragon scales
rPois   .            (helmet restricted)
rElec   .            v - +0 cloak
rCorr   +            (gloves unavailable)
SInv    +            (boots unavailable)
Will    ++...        E - amulet of regeneration
Stlth   +            m - ring of see invisible
HPRegen 2.97/turn    p - +6 ring of dexterity
MPRegen 0.12/turn

%: no passive effects
@: strong-willed, on berserk cooldown, regenerating, slowed, very slow
A: large, unfitting armour, claws 3, regeneration 1, shaggy fur 1, tough skin 1
a: Renounce Religion, Berserk, Trog's Hand


You were on level 12 of the Dungeon.
You worshipped Trog.
Trog was most pleased with you.
You visited 1 branch of the dungeon, and saw 12 of its levels.

You collected 592 gold pieces.

Inventory:

Missiles
 q - 3 throwing nets
Armour
 a - a +0 animal skin
 v - a +0 cloak (worn)
 x - +0 steam dragon scales
 B - +0 acid dragon scales (worn)
Jewellery
 g - a ring of ice
 m - a ring of see invisible (left claw)
 o - an amulet of guardian spirit
 p - a +6 ring of dexterity (right claw)
 E - an amulet of regeneration (around neck)
Talismans
 F - a maw talisman
Wands
 u - a wand of paralysis (9)
 z - a wand of acid (12)
 A - a wand of iceblast (7)
 D - a wand of flame (8)
Scrolls
 b - 2 scrolls of fear
 c - 2 scrolls of vulnerability
 f - a scroll of fog
 h - 7 scrolls of teleportation
 i - a scroll of silence
 k - a scroll of enchant armour
 s - 3 scrolls of enchant weapon
 t - a scroll of poison
 w - a scroll of immolation
 y - a scroll of revelation
 H - a scroll of identify
Potions
 d - a potion of attraction
 e - 2 potions of haste
 j - 2 potions of berserk rage
 l - 3 potions of resistance
 n - 2 potions of brilliance
 r - a potion of lignification
 C - a potion of ambrosia {unknown}
 G - a potion of might {unknown}
 I - a potion of heal wounds {unknown}
 J - a potion of curing {unknown}


   Skills:
 - Level 2.4 Fighting
 - Level 2.4 Dodging
 - Level 18.3 Unarmed Combat
 + Level 7.1 Shapeshifting


You had 11 spell levels left.
You didn't know any spells.
Your spell library was empty.

Dungeon Overview and Level Annotations

Branches:
Dungeon (12/15)            Temple (0/1) D:6            Lair (0/5) D:8
    Orc (0/2) D:9

Altars:
Ashenzari
Cheibriados
Elyvilon
Hepliaklqana
Kikubaaqudgha
Okawaru
Qazlal
Vehumet
Xom
Zin
The Shining One

Annotations:
D:8 3 runed translucent doors


Innate Abilities, Weirdness & Mutations

You are too large for most types of armour.
You have claws for hands.
Your natural rate of healing is unusually fast.
You are covered in fur. (AC +1)
You have tough skin. (AC +1)


Message History

The komodo dragon bites you!!
A boulder beetle comes into view.
The komodo dragon bites you!! The basilisk gazes at you.
Your limbs have turned to stone.
The komodo dragon barely misses you.
The boulder beetle moves out of view.
You have turned to stone.
The komodo dragon bites you! The basilisk gazes at you.
The komodo dragon bites you. The basilisk bites you.
The boulder beetle leaps!
The komodo dragon bites you! The basilisk bites you!
A cyclops comes into view.
The komodo dragon bites you!! The basilisk gazes at you.
You resist with some effort. The komodo dragon bites you!!
The walls and floor vibrate strangely for a moment.
The basilisk bites you. The komodo dragon bites you!
The basilisk bites you but does no damage.
The boulder beetle curls into a ball and begins rolling!
The komodo dragon bites you! The basilisk bites you!
The komodo dragon bites you.
* * * LOW HITPOINT WARNING * * *
You turn to flesh and can move again.
Unknown command.
As you read the scroll of fear, it crumbles to dust.
You assume a fearsome visage.
The cyclops looks frightened!
The basilisk looks frightened!
The boulder beetle looks frightened!
The komodo dragon resists with some effort.
The komodo dragon bites you.
The komodo dragon attacks as it pursues you!
The komodo dragon bites you!!
* * * LOW HITPOINT WARNING * * *
The komodo dragon barely misses you.
Your skin crawls.
You feel strong-willed.
You can no longer call in reinforcements.
The komodo dragon bites you but does no damage. x2
You're still recovering from your berserk rage.
You closely miss the komodo dragon. The komodo dragon bites you!!
You die...

.. #.......#.s..l
#.# #°.....l'....l
..####.....###....%
# #.#.#...†.# .8..
#.##......### ..
#.#.....#†.##
#......#.#..## ##
#.....#...#..##.#
###
###.##...#.#...l@.#
##.##
..........#.[######
### ###....
#######.....## #.#
#.#####
#######†...##
#.####>#####
........####
#.#.....J..J
#.#####.#
#.#.#.######
#.#####.####
#.#.#.# #
#............)#
#.#.#J# #
.#....~...⌠...#
#.#.#.######


You could see a komodo dragon.

Vanquished Creatures
  Jorgrun (D:12)
  Rupert (D:12)
  4 two-headed ogres
  A boulder beetle (D:12)
  2 ugly things (D:12)
  A wolf spider (D:12)
  A cyclops (D:11)
  2 elephants (D:8)
  Joseph (D:7)
  2 gargoyles
  Maggie (D:7)
  2 unseen horrors
  2 komodo dragons
  A wind drake (shapeshifter) (D:12)
  A troll (D:11)
  4 slime creatures (D:12)
  A wraith (D:11)
  A vampire (D:12)
  3 yaks (D:12)
  5 shadows
  2 steam dragons
  2 acid dragons
  A water moccasin (D:7)
  7 orc warriors
  A sky beast (D:6)
  A black bear (D:8)
  An ogre (D:6)
  4 ice beasts
  5 centaurs
  2 phantoms (D:6)
  2 gnoll sergeants (D:5)
  4 bullfrogs
  5 scorpions
  5 killer bees (D:11)
  2 electric eels (D:9)
  A howler monkey (D:6)
  3 hounds
  10 orc priests
  A bombardier beetle (D:5)
  A jelly (D:5)
  A gnoll bouda (D:7)
  6 iguanas
  10 orc wizards
  14 gnolls
  12 adders
  4 white imps
  5 dart slugs
  3 ribbon worms
  49 orcs
  9 endoplasms
  5 giant cockroaches
  11 goblins
  10 hobgoblins
  3 jackals (D:4)
  9 kobolds
  3 quokkas
  9 ball pythons
  6 bats
  6 frilled lizards
  5 rats
277 creatures vanquished.

Vanquished Creatures (collateral kills)
  An orc priest (D:8)
1 creature vanquished.

Vanquished Creatures (others)
  A centaur (D:6)
  An electric eel (D:6)
2 creatures vanquished.

Grand Total: 280 creatures vanquished

Notes
Turn   | Place    | Note
-------+----------+-------------------------------------------
     0 | D:1      | Dordric the Troll Berserker began the quest for the Orb.
     0 | D:1      | Reached XP level 1. HP: 22/22 MP: 0/0
   126 | D:1      | Reached XP level 2. HP: 29/29 MP: 1/1
   409 | D:1      | Reached skill level 4 in Unarmed Combat
   720 | D:1      | Reached XP level 3. HP: 36/36 MP: 2/2
   839 | D:1      | Reached ** piety under Trog
  1292 | D:2      | Reached XP level 4. HP: 44/44 MP: 3/3
  1303 | D:2      | Found a snail-covered altar of Cheibriados.
  1308 | D:2      | Reached skill level 5 in Unarmed Combat
  1910 | D:3      | Reached XP level 5. HP: 42/50 MP: 4/4
  1913 | D:3      | Reached skill level 6 in Unarmed Combat
  2075 | D:3      | Found an iron altar of Okawaru.
  2218 | D:3      | Reached *** piety under Trog
  2571 | D:3      | Found a glowing silver altar of Zin.
  3028 | D:4      | Reached XP level 6. HP: 59/59 MP: 5/5
  3457 | D:5      | Entered Level 5 of the Dungeon
  3465 | D:5      | Reached skill level 7 in Unarmed Combat
  3602 | D:5      | Reached skill level 8 in Unarmed Combat
  3602 | D:5      | Reached XP level 7. HP: 55/66 MP: 6/6
  3717 | D:5      | Reached skill level 9 in Unarmed Combat
  3928 | D:5      | Reached XP level 8. HP: 74/74 MP: 7/7
  4015 | D:5      | Found an ancient bone altar of Kikubaaqudgha.
  4415 | D:6      | Reached skill level 10 in Unarmed Combat
  4521 | D:6      | Reached skill level 11 in Unarmed Combat
  4683 | D:6      | Found a staircase to the Ecumenical Temple.
  4869 | D:6      | Reached **** piety under Trog
  4952 | D:6      | Reached skill level 12 in Unarmed Combat
  4987 | D:6      | Found a shimmering altar of Xom.
  5368 | D:7      | Reached XP level 9. HP: 78/80 MP: 6/8
  5513 | D:7      | Noticed Maggie
  5527 | D:7      | Killed Maggie
  5745 | D:7      | Found a broken altar of Ashenzari.
  5809 | D:7      | Found a hazy altar of Hepliaklqana.
  5811 | D:7      | Found a stormy altar of Qazlal.
  5883 | D:7      | Reached skill level 13 in Unarmed Combat
  6033 | D:7      | Noticed Joseph
  6053 | D:7      | Killed Joseph
  6428 | D:8      | Found a radiant altar of Vehumet.
  6432 | D:8      | Noticed a two-headed ogre
  6442 | D:8      | Killed a two-headed ogre
  6443 | D:8      | Reached skill level 14 in Unarmed Combat
  6450 | D:8      | Reached XP level 10. HP: 19/88 MP: 2/9
  6654 | D:8      | Noticed an elephant
  6674 | D:8      | Noticed an elephant
  6677 | D:8      | Killed an elephant
  6686 | D:8      | Killed an elephant
  6687 | D:8      | Reached skill level 15 in Unarmed Combat
  6857 | D:8      | Found a staircase to the Lair.
  6954 | D:8      | Found a runed translucent gate.
  6954 | D:8      | Noticed a white ugly thing
  6955 | D:8      | Found a runed translucent gate.
  6955 | D:8      | Found a runed translucent gate.
  6955 | D:8      | Noticed a cyan ugly thing
  6956 | D:8      | Noticed a red ugly thing
  7061 | D:8      | Identified the +1 hand axe of Xeischu {flame, rN+}
  7552 | D:9      | Noticed a two-headed ogre
  7564 | D:9      | Killed a two-headed ogre
  7565 | D:9      | Reached skill level 16 in Unarmed Combat
  7679 | D:9      | Found a staircase to the Orcish Mines.
  7932 | D:9      | Found a white marble altar of Elyvilon.
  8679 | D:10     | Entered Level 10 of the Dungeon
  8993 | D:10     | Reached XP level 11. HP: 87/94 MP: 8/10
  9381 | D:10     | Found a glowing golden altar of the Shining One.
  9591 | D:11     | Reached skill level 17 in Unarmed Combat
  9618 | D:11     | Noticed a sea snake
 10078 | D:11     | Noticed a sea snake
 10289 | D:12     | Noticed Rupert
 10298 | D:12     | Noticed a two-headed ogre
 10302 | D:12     | Killed Rupert
 10303 | D:12     | Reached skill level 18 in Unarmed Combat
 10306 | D:12     | Killed a two-headed ogre
 10354 | D:12     | Noticed a boulder beetle
 10368 | D:12     | Killed a boulder beetle
 10379 | D:12     | Found an ancient bone altar of Kikubaaqudgha.
 10509 | D:12     | Noticed a two-headed ogre
 10516 | D:12     | Killed a two-headed ogre
 10688 | D:12     | Reached skill level 5 in Shapeshifting
 10698 | D:12     | Noticed Jorgrun
 10733 | D:12     | Killed Jorgrun
 10734 | D:12     | Reached XP level 12. HP: 104/104 MP: 11/11
 10827 | D:12     | Found a frozen archway.
 10925 | D:12     | Noticed a boulder beetle
 10938 | D:12     | Slain by a komodo dragon

Illustrated notes

Levels and vault maps discovered:
D:1:      dpeg_arrival_rooms_b, layout_loops_ring, serial_co_window_serial,
          co_window_paths_a, co_window_of_opportunity_a, co_window_paths_a,
          co_window_of_opportunity_a, co_window_paths_a, co_window_corner_a,
          co_window_corner_b, co_window_broadway_c, co_window_corner_cb,
          co_window_2corner, co_window_corner_b, co_window_4corner_a,
          glass_columns_b, chequers_avenue
D:2:      layout_basic, basic_altar, feat_on_display
D:3:      layout_basic, nicolae_overflow_crystal_walls, zin_scriptorium
D:4:      layout_basic, serial_aquarium, aquarium_bridge_square
          [aquarium_subvault_wall, aquarium_subvault_bridge,
          aquarium_subvault_bridge, aquarium_subvault_balcony],
          aquarium_bridge_long_separate [aquarium_subvault_bridge,
          aquarium_subvault_bridge, aquarium_subvault_wall,
          aquarium_subvault_window, aquarium_subvault_window,
          aquarium_subvault_bridge], aquarium_window_fake, aquarium_window_fake,
          aquarium_view_2c, aquarium_pool_1
D:5:      layout_basic, lemuel_coloured_pillars_altar
D:6:      layout_basic, xom_confusion_cloud, minmay_temple_entry_from_below_b,
          minmay_crystal_water, grunt_ministairs_2, minmay_misc_feat_cross
D:7:      layout_loops_cross, grunt_temple_overflow_open, uniq_joseph,
          uniq_maggie
D:8:      layout_gridville, nicolae_vehumet_radiance,
          grunt_lair_entry_orc_guard_hut,
          ploomutoo_gammafunk_ghost_potion_laboratory,
          serial_library_regret_index_split_case
D:9:      layout_loops_ring, old_standard_altar, erik_orc_2,
          minmay_misc_feat_nine_boxes, serial_park_tiny_2
D:10:     layout_loops_corners, nicolae_tso_swordbearing_angel, chequers_garden
D:11:     layout_roguey, serial_aquarium, aquarium_bridge_square
          [aquarium_subvault_bridge, aquarium_subvault_bridge,
          aquarium_subvault_wall, aquarium_subvault_window],
          aquarium_window_fake, aquarium_window_1, aquarium_window_fake,
          aquarium_window_corridor_1, aquarium_view_2c, aquarium_view_2d,
          aquarium_balcony_3a, aquarium_pool_1
D:12:     kennysheep_green_arena, layout_loops_ring,
          portal_ice_cave_entry_pillars_2, kiku_gazebo_pond_becter,
          uniq_jorgrun, uniq_rupert

Skill      XL: |  1  2  3  4  5  6  7  8  9 10 11 12 |
---------------+-------------------------------------+-----
Unarmed Combat | 4 5 6 8 9 12 14 16 18 | 18.3
Shapeshifting  | 6 7 |  7.1
Fighting       | |  2.4
Dodging        | |  2.4

Action                     |  1- 3 |  4- 6 |  7- 9 | 10-12 || total
---------------------------+-------+-------+-------+-------++-------
  Melee: Unarmed           |    95 |   173 |   196 |   274 ||   738
         Punch             |     2 |     5 |     6 |    32 ||    45
 Invoke: Berserk           |       |     2 |     7 |    10 ||    19
         Trog's Hand       |       |     1 |     3 |     6 ||    10
         Brothers in Arms  |       |       |     1 |       ||     1
    Use: Scroll            |       |     4 |     7 |     4 ||    15
         Potion            |       |       |     2 |     1 ||     3
   Stab: Sleeping          |       |     1 |     4 |       ||     5
 Armour: Animal skin       |    53 |    97 |   104 |       ||   254
         Steam dragon scal |       |       |    17 |    70 ||    87
         Acid dragon scale |       |       |       |   134 ||   134
  Dodge: Dodged            |    42 |    90 |    71 |   109 ||   312

Table legend: (Time is in decaauts)
 A = Elapsed time spent in this place.
 B = Non-inter-level travel time spent in this place.
 C = Inter-level travel time spent in this place.
 D = Time resting spent in this place.
 E = Time spent auto-exploring this place.
 F = Levels seen in this place.
 G = Mean time per level.
                   A        B        C        D        E       F      G
               +--------+--------+--------+--------+--------+-----+--------+
         Total |  10947 |  10718 |    229 |   1231 |   7689 |  12 |  912.2 |
       Dungeon |  10947 |  10718 |    229 |   1231 |   7689 |  12 |  912.2 |
               +--------+--------+--------+--------+--------+-----+--------+

Top non-repeatable levels by time:
     D:9: 1411 daAuts
     D:1: 1034 daAuts
     D:8: 1027 daAuts
     D:5: 973 daAuts
     D:6: 948 daAuts
    D:10: 879 daAuts
     D:7: 878 daAuts
     D:2: 849 daAuts
     D:3: 823 daAuts
    D:11: 736 daAuts
     D:4: 735 daAuts
    D:12: 650 daAuts
